 Dungeon Crawl Stone Soup version 0.18.1-48-g4cf74bf (webtiles) character file.

23 Gargoyl the Skirmisher (level 2, -2/24 HPs)
             Began as a Demonspawn Abyssal Knight on Aug 11, 2016.
             Was a Follower of Lugonu.
             Slain by a gnoll
             ... wielding a +0 spear
              (6 damage)
             ... on level 1 of the Dungeon.
             The game lasted 00:02:09 (991 turns).

Gargoyl the Skirmisher (Demonspawn Abyssal Knight)   Turns: 991, Time: 00:02:10

Health: -2/24      AC:  4    Str: 12    XL:     2   Next: 72%
Magic:  3/3        EV:  8    Int: 13    God:    Lugonu [*.....]
Gold:   54         SH:  6    Dex: 12    Spells: 0 memorised, 1 level left

rFire  . . .     SeeInvis +     a - +1 hand axe
rCold  . . .     Gourm    .     b - +0 leather armour
rNeg   . . .     Faith    .     e - +0 shield
rPois  .         Spirit   .     (no helmet)
rElec  .         Dismiss  .     (no cloak)
rCorr  .         Reflect  .     (no gloves)
SustAt .         Harm     .     d - +0 pair of boots
MR     .....                    (no amulet)
Stlth  +.........               (no ring)
                                k - ring of see invisible

@: not resistant to hostile enchantments, very unstealthy
A: rot immunity
a: Depart the Abyss, Renounce Religion


You were on level 1 of the Dungeon.
You worshipped Lugonu.
Lugonu was aware of your devotion.
You were hungry.

You visited 1 branch of the dungeon, and saw 1 of its levels.
You visited the Abyss 1 time.

You collected 54 gold pieces.

Inventory:

Hand Weapons
 a - a +1 hand axe (weapon)
Armour
 b - a +0 leather armour (worn)
 d - a +0 pair of boots (worn)
 e - a +0 shield (worn)
Jewellery
 k - a ring of see invisible (left hand)
Scrolls
 g - 2 scrolls of enchant armour {unknown}
 i - a scroll of blinking {unknown}
 j - 2 scrolls of identify {unknown}
Comestibles
 c - a bread ration
 f - 2 beef jerkies
 m - a slice of pizza


   Skills:
 + Level 3.4 Fighting
 + Level 1.9 Axes
 * Level 2.3 Armour
 + Level 0.8 Dodging
 + Level 0.1 Shields
 + Level 2.6 Invocations


You had one spell level left.
You didn't know any spells.

Dungeon Overview and Level Annotations

Branches:
Dungeon (1/15)

Altars:


Innate Abilities, Weirdness & Mutations

You are immune to rotting.


Message History

Your +0 pair of boots unmelds from your body.
Your +0 leather armour unmelds from your body.
The gnoll hits you from afar with a spear.
You block the gnoll's attack. The gnoll closely misses you.
The gnoll hits you with a spear.
* * * LOW HITPOINT WARNING * * *
You see here a whip.
Drink which item? (? for menu, Esc to quit)
It was a potion of curing.
You feel better.
You are feeling hungry.
The gnoll hits you with a spear.
You closely miss the gnoll. You block the gnoll's attack.
The gnoll hits you with a spear.
* * * LOW HITPOINT WARNING * * *
You hit the gnoll but do no damage. The gnoll hits you but does no damage.
You barely miss the gnoll. The gnoll hits you but does no damage.
Your shield prevents you from hitting the gnoll.
The gnoll closely misses you. The gnoll hits you with a spear.
You die...

########.# #..# #.............
......##.## #..#
#.............
#####.##..####..#
#.............
...........K....#
#.............
#####.###.#####.#
#............. #.# #..# #.#
#............. #.#
##.####.####.)........... #.#
#..##..g............#### #.#
##.##..@............# #.
#.#####.##..()...........# #.
#........#...............# #.
#####.†####..#...............#
#. ........#
##.#...............# #.
#####...# #.#...............#
#. #.......#
#.#...............# #.
#.##....# #..#.#####.########
#. #.##....# #..#.# ##..####
#.


You could see a gnoll.

Vanquished Creatures
  5 bats (D:1)
  2 giant cockroaches (D:1)
  5 hobgoblins (D:1)
  3 kobolds (D:1)
  6 rats (D:1)
21 creatures vanquished.

Notes
Turn   | Place    | Note
--------------------------------------------------------------
     0 | Abyss:1  | Gargoyl the Demonspawn Abyssal Knight began the quest for the Orb.
     0 | Abyss:1  | Reached XP level 1. HP: 18/18 MP: 2/2
    43 | Abyss:2  | Noticed a thrashing horror
    47 | D:1      | Escaped the Abyss
   101 | D:1      | Reached * piety under Lugonu
   341 | D:1      | Gained mutation: You are immune to rotting. [demonic ancestry]
   341 | D:1      | Reached XP level 2. HP: 23/24 MP: 3/3
   991 | D:1      | Slain by a gnoll

Skill      XL: |  1 |
---------------+----+-----
Armour         | 2 |  2.3
Fighting       | |  3.4
Axes           | |  1.9
Dodging        | |  0.8
Shields        | |  0.1
Invocations    | |  2.6

Action                   || total
-------------------------++-------
Melee: Hand axe          ||    64
Invok: Depart the Abyss  ||     1
  Use: Potion            ||     2
Armor: Leather armour    ||    30
       Skin              ||    36
Dodge: Dodged            ||    31
Block: Shield            ||    28
